 Dungeon Crawl Stone Soup version 0.21-a0-414-gba8bdf1 (webtiles) character file.

368 Ijustatesigmund the Chopper (level 6, -12/56 HPs)
             Began as a Hill Orc Fighter on Nov 2, 2017.
             Mangled by an ogre
             ... wielding a +0 giant club
              (23 damage)
             ... on level 4 of the Dungeon.
             The game lasted 00:08:21 (2627 turns).

Ijustatesigmund the Chopper (Hill Orc Fighter)      Turns: 2627, Time: 00:08:22

Health: -12/56     AC: 14    Str: 24    XL:     6   Next: 69%
Magic:  6/6        EV:  7    Int:  8    God:
Gold:   171        SH: 10    Dex: 12    Spells: 5/5 levels left

rFire    . . .     SeeInvis .   a - +0 war axe
rCold    . . .     Gourm    +   c - +1 shield
rNeg     . . .     Faith    .   b - +0 scale mail
rPois    .         Spirit   .   j - +2 helmet
rElec    .         Reflect  .   v - +2 cloak
rCorr    +         Harm     .   (no gloves)
MR       .....                  m - +0 pair of boots
Stlth    ..........             o - amulet of the gourmand
HPRegen  0.18/turn              e - ring of resist corrosion
MPRegen  0.10/turn              (no ring)

@: mighty, drained
A: no striking features
a: no special abilities


You were on level 4 of the Dungeon.
You were not hungry.

You visited 1 branch of the dungeon, and saw 4 of its levels.

You collected 171 gold pieces.

Inventory:

Hand Weapons
 a - a +0 war axe (weapon)
Armour
 b - a +0 scale mail (worn)
 c - a +1 shield (worn)
 j - a +2 helmet (worn)
 m - a +0 pair of boots (worn)
 v - a +2 cloak (worn)
Jewellery
 e - a ring of resist corrosion (left hand)
 o - an amulet of the gourmand (around neck)
Wands
 u - a wand of polymorph (8/24)
Scrolls
 n - a scroll of teleportation
 p - 2 scrolls of amnesia
 t - a scroll of identify
Potions
 i - a potion of brilliance
 l - 3 potions of heal wounds
 q - a potion of curing
 r - a potion of berserk rage
Comestibles
 f - 3 bread rations
 g - a meat ration
 k - 3 royal jellies


   Skills:
 + Level 5.5(5.3) Fighting
 + Level 6.9(6.7) Axes
 + Level 4.5(4.3) Armour
 - Level 3.2(3.1) Shields


You had 5 spell levels left.
You didn't know any spells.

Dungeon Overview and Level Annotations

Branches:
Dungeon (4/15)
 Temple: D:4-7

Altars:
Fedhas
Nemelex Xobeh
Zin


Message History

You are too injured to fight recklessly!
You are too injured to fight recklessly!
You feel very mighty all of a sudden.
The howler monkey skeleton hits you but does no damage.
You block the ogre's attack.
You slash the ogre!
The ogre is almost dead.
You hit the howler monkey skeleton.
You block the howler monkey skeleton's attack.
The ogre completely misses you.
You closely miss the ogre.
The ogre is almost dead.
You slash the howler monkey skeleton!
You destroy the howler monkey skeleton!
The ogre hits you with a giant club!
* * * LOW HITPOINT WARNING * * *
You barely miss the ogre.
The ogre is almost dead.
The ogre hits you with a giant club!!
You die...

...,,,,,....,,>,,,,*,*
*,
.#.,,,,,...**#.#...#,*
*,
.#,,,,,,..,*##.#...#,*
*,
##***###.####......#,#
*, ####
#......#......#.# *,
...# #......#......#.##*
*,
...###................,*
*,
........####....O..#,*,*
*,
................@$.#,*,*
*,
...####.####.......#,*,*
*, ###...#.#
#....(..#,*,* *,
#.#.#[## #.......#,*,*
*, #.#.#..#
###.#####,*,******* *,
###.#.##.# #.#
*,,,,,,,,,,***,
....#.##.## #.#
*,,,,,,,,,,,,,,
#####.##..# #.#
**,,,,,,,,,,****
****#.###.# #.#
*,,,,,,,,,,,,,,*


You could see an ogre.

Vanquished Creatures
  Edmund (D:4)
  Crazy Yiuf (D:3)
  An iguana (D:4)
  3 worker ants
  Robin (D:4)
  A howler monkey skeleton (D:4)
  5 adders
  2 oozes
  A worm (D:2)
  A dart slug (D:2)
  A leopard gecko (D:3)
  3 giant cockroaches
  11 goblins
  6 hobgoblins
  3 kobolds
  6 bats
  6 rats
  A fungus (D:3)
54 creatures vanquished.

Notes
Turn   | Place    | Note
-------+----------+-------------------------------------------
     0 | D:1      | Ijustatesigmund the Hill Orc Fighter began the quest for the Orb.
     0 | D:1      | Reached XP level 1. HP: 19/19 MP: 1/1
    30 | D:1      | Reached skill level 3 in Axes
   140 | D:1      | Reached XP level 2. HP: 26/26 MP: 2/2
   278 | D:1      | Reached skill level 4 in Axes
   720 | D:2      | Reached XP level 3. HP: 29/31 MP: 3/3
   989 | D:2      | Reached skill level 5 in Axes
  1382 | D:3      | Reached XP level 4. HP: 28/40 MP: 4/4
  1503 | D:3      | Found a glowing silver altar of Zin.
  1556 | D:3      | Found a sparkling altar of Nemelex Xobeh.
  1601 | D:3      | Found a blossoming altar of Fedhas.
  2009 | D:3      | Found a runed door.
  2013 | D:3      | Noticed Crazy Yiuf
  2067 | D:3      | Killed Crazy Yiuf
  2067 | D:3      | Reached XP level 5. HP: 47/47 MP: 1/5
  2198 | D:4      | Noticed Edmund
  2214 | D:4      | Killed Edmund
  2214 | D:4      | Reached skill level 5 in Fighting
  2214 | D:4      | Reached skill level 6 in Axes
  2214 | D:4      | Reached XP level 6. HP: 45/56 MP: 6/6
  2260 | D:4      | Noticed Robin
  2277 | D:4      | Killed Robin
  2627 | D:4      | Mangled by an ogre

Vault maps used:
D:1:      sevenhm_arrival_forest_fort_large_2
D:2:      minmay_fountain_box, minivault_27
D:3:      nicolae_overflow_hidden_temple, fedhas_altar_2, first_bread,
          nemelex_xobeh_ov_fountains_minmay, uniq_crazy_yiuf_cottage
D:4:      grunt_gozag_statues, uniq_edmund, uniq_robin

Skill      XL: |  1  2  3  4  5 |
---------------+----------------+-----
Axes           | 3 4 5 6 |  6.9
Fighting       | 4 5 |  5.5
Armour         | 4 |  4.5
Shields        | |  3.2

Action                   |  1- 3 |  4- 6 || total
-------------------------+-------+-------++-------
Melee: War axe           |    95 |   108 ||   203
Throw: Tomahawk          |       |     4 ||     4
  Use: Scroll            |    11 |     3 ||    14
       Potion            |     2 |     1 ||     3
  Eat: Chunk             |       |     8 ||     8
Armor: Scale mail        |    57 |    43 ||   100
Dodge: Dodged            |    36 |    25 ||    61
Block: Shield            |    45 |    61 ||   106

Table legend:
 A = Spawn XP
 B = Non-spawn XP
 C = Spawn XP percentage of total XP
 D = Spawn monster count
 E = Non-spawn monster count
 F = Spawn count percentage of total count
 G = Total turns spent on level
                    A         B        C        D         E        F      G
               +---------+---------+-------+---------+---------+-------+---------
         Total |       0 |     527 |   0.0 |       0 |      53 |   0.0 |  2627
               +---------+---------+-------+---------+---------+-------+---------
           D:1 |       0 |      24 |   0.0 |       0 |      15 |   0.0 |   654
           D:2 |       0 |      52 |   0.0 |       0 |      11 |   0.0 |   718
           D:3 |       0 |     113 |   0.0 |       0 |      12 |   0.0 |   806
           D:4 |       0 |     338 |   0.0 |       0 |      15 |   0.0 |   449
               +---------+---------+-------+---------+---------+-------+---------
